 Dungeon Crawl Stone Soup version 0.26-a0-597-gb535b0901c (webtiles) character file.

Game seed: 10801568775332842780

(classic levelgen) 69 EnegeticOcto the Shield-Bearer (level 4, -1/42 HPs)
             Began as a Deep Dwarf Fighter on Aug 26, 2020.
             Succumbed to a killer bee's poison
             ... on level 3 of the Dungeon.
             The game lasted 00:00:52 (850 turns).

EnegeticOcto the Shield-Bearer (Deep Dwarf Fighter)  Turns: 850, Time: 00:00:53

Health: -1/42      AC:  9    Str: 21    XL:     4   Next: 2%
Magic:  0/0        EV:  5    Int:  8    God:
Gold:   84         SH:  9    Dex: 12    Spells: 3/3 levels left

rFire    + . .     SeeInvis .   a - +0 war axe
rCold    + . .     Faith    +   c - +0 kite shield
rNeg     . . .     Spirit   .   p - +0 chain mail
rPois    +         Reflect  .   (no helmet)
rElec    +         Harm     .   (no cloak)
rCorr    +                      (no gloves)
MR       .....                  (no boots)
Stlth    ..........             m - amulet of faith
HPRegen  0.00/turn              (no ring)
MPRegen  0.07/turn              (no ring)

@: lethally poisoned (-1 -> -6), resistant, non-regenerating
A: damage resistance, heal wounds, sense surroundings 1, no regeneration
a: Heal Wounds


You were on level 3 of the Dungeon.
You visited 1 branch of the dungeon, and saw 3 of its levels.

You collected 84 gold pieces.

Inventory:

Hand Weapons
 a - a +0 war axe (weapon)
Armour
 c - a +0 kite shield (worn)
 p - a +0 chain mail (worn)
Jewellery
 m - an amulet of faith (around neck)
Scrolls
 e - 7 scrolls of identify {unknown}
 f - a scroll of fear {unknown}
 h - 3 scrolls of teleportation {unknown}
 i - 2 scrolls of amnesia {unknown}
 j - a scroll of remove curse {unknown}
 l - 2 scrolls of blinking {unknown}
 n - a scroll of random uselessness {unknown}
 o - a scroll of immolation {unknown}
Potions
 d - a potion of might {@q3}


   Skills:
 + Level 3.1 Fighting
 * Level 3.4 Axes
 + Level 3.8 Armour
 + Level 3.8 Shields


You had 3 spell levels left.
You didn't know any spells.
Your spell library contained the following spells:

 Spells                   Type           Power        Failure   Level
 Corona                   Hex            #......      100%        1
 Ensorcelled Hibernation  Hex/Ice        #.....       100%        2
 Confusing Touch          Hex            #.......     100%        3
 Dazzling Flash           Conj/Hex       #.....       100%        3
 Tukima's Dance           Hex            #.......     100%        3


Dungeon Overview and Level Annotations

Branches:
Dungeon (3/15)

Altars:
Vehumet
Wu Jian
Zin
The Shining One


Innate Abilities, Weirdness & Mutations

You are resistant to damage.
You can heal yourself by infusing magical energy.
You passively map a small area around you.
You do not regenerate.


Message History

You feel very sick. You block the killer bee's attack.
The killer bee stings you!
Your chain mail prevents you from hitting the killer bee.
You feel very sick. The killer bee stings you. x2
You are more poisoned.
The killer bee poisons you! You block the killer bee's attack.
You are too injured to fight recklessly!
You are too injured to fight recklessly!
You are too injured to fight recklessly!
You are too injured to fight recklessly!
You are too injured to fight recklessly!
You are too injured to fight recklessly!
You are too injured to fight recklessly!
You are too injured to fight recklessly!
You are too injured to fight recklessly!
You are too injured to fight recklessly!
You are too injured to fight recklessly!
You are too injured to fight recklessly!
You are too injured to fight recklessly!
You are too injured to fight recklessly!
You are too injured to fight recklessly!
You feel much better.
You feel very sick. The killer bee stings you.
The killer bee stings you but does no damage.
Your magical essence is drained by the effort!
You feel much better.
You feel very sick. You block the killer bee's attack.
The killer bee barely misses you.
You miss the killer bee.
You feel very sick. You block the killer bee's attack.
The killer bee stings you but does no damage.
The killer bee barely misses you.
You miss the killer bee.
You feel very sick. The killer bee stings you.
You are more poisoned.
The killer bee poisons you!
The killer bee stings you but does no damage.
The killer bee barely misses you.
You closely miss the killer bee.
You feel very sick. The killer bee stings you.
The killer bee stings you but does no damage.
You barely miss the killer bee.
You feel very sick.
You block the killer bee's attack. x2; The killer bee stings you.
You miss the killer bee.
You feel very sick. You block the killer bee's attack.
The killer bee stings you but does no damage.
The killer bee barely misses you.
You miss the killer bee.
You feel very sick. You block the killer bee's attack.
The killer bee stings you. x2
You are too injured to fight recklessly!
You are too injured to fight recklessly!
You are too injured to fight recklessly!
You are too injured to fight recklessly!
You are too injured to fight recklessly!
You are too injured to fight recklessly!
You don't have enough innate magic capacity.
You don't have enough innate magic capacity.
Okay, then.
It was a potion of magic.
Magic courses through your body.
You feel sick.
The killer bee stings you but does no damage. x2
It was a potion of resistance.
You feel protected.
You feel sick. You block the killer bee's attack. x2
You are too injured to fight recklessly!
You are too injured to fight recklessly!
You are too injured to fight recklessly!
You are too injured to fight recklessly!
You are too injured to fight recklessly!
You are too injured to fight recklessly!
You are too injured to fight recklessly!
You are too injured to fight recklessly!
You are too injured to fight recklessly!
You are too injured to fight recklessly!
You are too injured to fight recklessly!
Okay, then.
You barely miss the killer bee.
You feel very sick. The killer bee stings you.
You block the killer bee's attack. The killer bee completely misses you.
You miss the killer bee.
You feel sick.
The killer bee stings you but does no damage.
The killer bee stings you.
You barely miss the killer bee. You block the killer bee's attack.
The killer bee stings you. You block the killer bee's attack.
You miss the killer bee. The killer bee stings you.
* * * LOW HITPOINT WARNING * * *
The killer bee stings you.
You are lethally poisoned!
The killer bee poisons you!
The killer bee stings you but does no damage.
You closely miss the killer bee.
You die...

#..##########...........
##.##
#.........[()...... #..#
#.....##..).).....# #.##
#.....##.<..†...... #.#
#.....##..........#
########.#
###>.........#.##.#
.........#
##.####.#.....<...
.........# #..#
#.##.##.....
.........### #@#*
#.##.##..##.
.........).####y# *
..##.#* ## *
##########....yy##,
###*.# ##....yy#.# , *
##.........# *
#..........#
#............. ,
#.....>...!##.
#.<........# .


You could see 5 killer bees.

Vanquished Creatures
  3 gnolls (D:2)
  3 leopard geckos
  5 orcs (D:3)
  A ball python (D:3)
  2 giant cockroaches
  6 goblins
  A hobgoblin (D:1)
  A quokka (D:2)
  A bat (D:3)
  2 frilled lizards
  3 kobolds
  3 rats
31 creatures vanquished.

Notes
Turn   | Place    | Note
-------+----------+-------------------------------------------
     0 | D:1      | EnegeticOcto the Deep Dwarf Fighter began the quest for the
                  | Orb.
     0 | D:1      | Reached XP level 1. HP: 20/20 MP: 1/1
    40 | D:1      | Reached XP level 2. HP: 27/27 MP: 2/2
   152 | D:2      | Reached XP level 3. HP: 34/34 MP: 2/2
   178 | D:2      | Found a radiant altar of Vehumet.
   181 | D:2      | Found an ornate altar of the Wu Jian Council.
   186 | D:2      | Found a glowing silver altar of Zin.
   189 | D:2      | Found a glowing golden altar of the Shining One.
   780 | D:3      | Reached XP level 4. HP: 30/42 MP: 3/3
   849 | D:3      | HP: 2/42 [killer bee (2)]
   850 | D:3      | Succumbed to a killer bee's poison

Illustrated notes

Levels and vault maps discovered:
D:1:      eino_arrival_druids_welcome, layout_loops_ring,
          evilmike_ruin_ashenzari
D:2:      layout_basic, grunt_temple_overflow_cloverleaf
D:3:      layout_rooms, lemuel_doored_altar

Skill      XL: |  1  2 |
---------------+-------+-----
Fighting       | 3 |  3.1
Axes           | 3 |  3.4
Armour         | |  3.8
Shields        | |  3.8

Action                   |  1- 3 |  4- 6 || total
-------------------------+-------+-------++-------
Melee: War axe           |    74 |    25 ||    99
 Abil: Heal Wounds       |     1 |     8 ||     9
  Use: Potion            |       |     2 ||     2
Armor: Scale mail        |    40 |       ||    40
       Chain mail        |     1 |    41 ||    42
Dodge: Dodged            |    28 |    19 ||    47
Block: Kite shield       |    46 |    43 ||    89

Table legend: (Time is in decaauts)
 A = Elapsed time spent in this place.
 B = Non-inter-level travel time spent in this place.
 C = Inter-level travel time spent in this place.
 D = Time resting spent in this place.
 E = Time spent auto-exploring this place.
 F = Levels seen in this place.
 G = Mean time per level.
                   A        B        C        D        E       F      G
               +--------+--------+--------+--------+--------+-----+--------+
         Total |    890 |    839 |     51 |      0 |    571 |   3 |  296.7 |
       Dungeon |    890 |    839 |     51 |      0 |    571 |   3 |  296.7 |
               +--------+--------+--------+--------+--------+-----+--------+

Top non-repeatable levels by time:
     D:2: 636 daAuts
     D:3: 170 daAuts
     D:1: 83 daAuts
